AoeStats
← Unknown

Arena

509195993Analyzed
2v2 RM · 7d ago on Sep 25, 2026· 43m 36s· 4 players
Game mode
Random Map
Map size
Medium (4 player)
Population
200
Speed
Normal
Resources
Standard
Victory
Conquest
Starting age
Dark Age
Ending age
Imperial Age
RankedLock teamsTeams togetherTeam positionsShared explorationLock speedFull tech treeHidden civsTurbo modeCheats
Victory
Defeat
🇵🇪 Huns · Peru
1167
+19
🇬🇧 Poles · United Kingdom
1124
+21
🇮🇳 Malay · India
1223
-20
🇺🇸 Burgundians · United States
1223
-20
zoibe
11:34 Feudal Age
11:57 Horse Collar
12:03 Double-Bit Axe
16:36 Castle Age
17:39 Bow Saw
18:29 Loom
20:15 Heavy Plow
23:19 Bloodlines
23:21 Forging
24:51 Gold Mining
25:43 Szlachta Privileges
26:24 Wheelbarrow
27:13 Scale Barding Armor
28:09 Iron Casting
28:07 Husbandry
31:53 Imperial Age
30:36 Hand Cart
30:08 Town Watch
32:28 Chain Barding Armor
31:55 Cavalier
32:59 Conscription
33:42 Blast Furnace
33:39 Treadmill Crane
33:43 Light Cavalry
34:25 Scale Mail Armor
34:41 Masonry
34:27 Capped Ram
36:28 Siege Ram
43:03 Crop Rotation
43:29 Caravan
44:02 Coinage
Unknown
10:58 Feudal Age
14:56 Castle Age
13:48 Double-Bit Axe
14:13 Horse Collar
16:47 Loom
38:34 Bow Saw
Naruto
5:31 Double-Bit Axe
10:39 Feudal Age
8:57 Horse Collar
16:36 Bow Saw
18:23 Heavy Plow
22:55 Castle Age
21:32 Scale Barding Armor
22:35 Gold Mining
23:59 Gold Shaft Mining
23:15 Stone Mining
25:13 Sanctity
26:56 Coinage
29:14 Two-Man Saw
30:09 Loom
31:01 Wheelbarrow
30:12 Town Watch
30:46 Fortified Wall
33:42 Imperial Age
31:29 Fletching
32:24 Cavalier
33:04 Husbandry
33:26 Chain Barding Armor
33:51 Forging
35:03 Plate Barding Armor
36:22 Iron Casting
35:34 Paladin
36:39 Scale Mail Armor
37:24 Hand Cart
37:12 Pikeman
37:52 Squires
39:14 Blast Furnace
41:20 Chain Mail Armor
44:03 Plate Mail Armor
Lollzz
7:57 Loom
10:16 Feudal Age
14:57 Castle Age
17:12 Double-Bit Axe
23:58 Fletching
30:34 Imperial Age
31:28 Chemistry
30:25 Murder Holes
32:40 Conscription
32:48 Conscription
34:23 Forging
34:51 Wheelbarrow
34:02 Town Watch
33:49 Pikeman
34:30 Squires
35:54 Horse Collar
36:20 Squires
Connection lost

Rejoining the realm…

Still unreachable

The connection could not be restored.

Session expired

The server has moved on; the page needs a fresh start.